 Dungeon Crawl Stone Soup version 0.15-a0-335-g04a2ae6 (webtiles) character file.

231 4tharraofdagon the Ruffian (level 5, -1/46 HPs)
             Began as a Naga Transmuter on May 1, 2014.
             Slain by a hound (6 damage)
             ... on Level 5 of the Dungeon.
             The game lasted 00:04:54 (835 turns).

4tharraofdagon the Ruffian (Naga Transmuter)         Turns: 835, Time: 00:04:54

HP  -1/46        AC  3     Str 14      XL: 5   Next: 52%
MP   9/9         EV 10     Int 13      God:
Gold 59          SH  0     Dex 11      Spells:  2 memorised,  4 levels left

rFire  . . .     SeeInvis +       - Unarmed
rCold  . . .     Clarity  .     c - +0 robe
rNeg   . . .     Conserve .     (no shield)
rPois  +         rCorr    .     (no helmet)
rElec  .         rRot     .     (no cloak)
SustAb . .       Spirit   .     i - +0 pair of gloves
rMut   .         Warding  .     (no barding)
Saprov . . .     Stasis   .     (no amulet)
MR     .....                    (no ring)
                                (no ring)

@: short of breath, very slow, not resistant to hostile enchantments, very
unstealthy
A: spit poison, see invisible, deformed body, poison resistance, slowness 2, AC
+1
a: Spit Poison


You were on level 5 of the Dungeon.
You were hungry.

You visited 2 branches of the dungeon, and saw 6 of its levels.

You collected 59 gold pieces.

Inventory:

Missiles
 b - 12 arrows
Armour
 c - a +0 robe (worn)
 h - a +0 chain mail
 i - a +0 pair of gloves (worn)
Comestibles
 a - 3 bread rations
 g - a meat ration
Jewellery
 f - a -2 ring of protection
Books
 d - a book of Changes

   Spells                             Type                      Level
   *Beastly Appendage                 Transmutation                1
   Sticks to Snakes                   Transmutation                2
   *Spider Form                       Transmutation/Poison         3
   Ice Form                           Ice/Transmutation            4
   Blade Hands                        Transmutation                5


   Skills:
 + Level 2.3 Fighting
 + Level 2.5 Dodging
 * Level 4.4 Unarmed Combat
 - Level 2.0 Spellcasting
 + Level 2.8 Transmutations


You had 4 spell levels left.
You knew the following spells:

 Your Spells              Type           Power        Failure   Level  Hunger
a - Beastly Appendage     Trmt           #.....       10%         1    ##.....
b - Spider Form           Trmt/Pois      #.........   52%         3    ####...


Dungeon Overview and Level Annotations

Branches:
Dungeon (5/15)             Temple (1/1) D:5

Altars:
Ashenzari
Dithmenos
Elyvilon
Fedhas
Kikubaaqudgha
Makhleb
Okawaru
Trog
Vehumet
Xom
Yredelemnul
Zin
The Shining One


Innate Abilities, Weirdness & Mutations

You cannot wear boots.
You can spit poison.
Your serpentine skin is tough (AC +1).*
You have supernaturally acute eyesight.
Armour fits poorly on your strangely shaped body.*
Your system is resistant to poisons.*
You cover ground very slowly.*


Message History

The hound looks more healthy.
Use which ability? (? or * to list)
Press: ? - help, Shift-Dir - straight line, f/p - hound
Aim: a hound (lightly wounded)
The splash of poison misses the hound.
You feel slightly more hungry. The hound bites you.
* * * LOW HITPOINT WARNING * * *
The hound barely misses you.
You hit the hound.
The hound is moderately wounded.
The hound bites you.
* * * LOW HITPOINT WARNING * * *
You are too injured to fight recklessly!
You are too injured to fight recklessly!
You are too injured to fight recklessly!
You are too injured to fight recklessly!
You barely miss the hound.
The hound is moderately wounded.
The hound bites you.
You die...

#..........# ######.....##
##########################.......
#..........................######
##.#######################.# #.#
### #.# #.#
#.##########################
#..............@h...........
#.########################## ###


You could see a hound.

Vanquished Creatures
  An ice beast (D:5)
  A worker ant (D:4)
  An adder (D:4)
  2 giant mites
  A giant gecko (D:2)
  3 orcs (D:4)
  3 giant cockroaches
  2 goblins
  A hobgoblin (D:1)
  10 jackals
  3 kobolds
  A bat (D:2)
  2 rats (D:2)
31 creatures vanquished.

Notes
Turn   | Place    | Note
--------------------------------------------------------------
     0 | D:1      | 4tharraofdagon, the Naga Transmuter, began the quest for the Orb.
     0 | D:1      | Reached XP level 1. HP: 18/18 MP: 3/3
    91 | D:1      | Reached XP level 2. HP: 18/25 MP: 4/4
   146 | D:2      | Reached XP level 3. HP: 11/31 MP: 6/6
   155 | D:2      | Learned a level 3 spell: Spider Form
   169 | D:2      | Found a shimmering altar of Xom.
   389 | D:4      | Reached XP level 4. HP: 14/39 MP: 7/7
   405 | D:4      | Found a radiant altar of Vehumet.
   443 | D:4      | Reached skill level 4 in Unarmed Combat
   476 | D:5      | Entered Level 5 of the Dungeon
   476 | D:5      | Found a staircase to the Ecumenical Temple.
   477 | D:5      | Noticed an ice beast
   483 | Temple   | Entered the Ecumenical Temple
   704 | Temple   | rotfl
   742 | D:5      | just die
   749 | D:5      | Killed an ice beast
   749 | D:5      | Reached XP level 5. HP: 15/45 MP: 9/9
   835 | D:5      | Slain by a hound

Action                   |  1- 3 |  4- 6 || total
-------------------------+-------+-------++-------
Melee: Unarmed           |    46 |    32 ||    78
 Abil: Spit Poison       |    15 |     4 ||    19
  Use: Scroll            |     4 |     3 ||     7
       Potion            |     2 |     1 ||     3
